SR
CANONNIERS DE QUEBEC @ MOOSE JAW CANUCKS
07/13/2042
 
TOP OF THE 1ST
Canonniers de Quebec batting - Pitching for Moose Jaw Canucks : LHP Mark Antrim
Pitching: LHP Mark Antrim
Batting: RHB Ludwig Mangin 0-0: Called Strike
0-1: Foul Ball, location: 2F
0-2: Foul Ball, location: 2F
0-2: Ball
1-2: Ball
2-2: Foul Ball, location: 2F
2-2: Strikes out swinging
Batting: RHB Manny Costello 0-0: Ball
1-0: Ground out 4-3 (Groundball, 4, EV 86.9 MPH)
Batting: RHB Cam Lloyd 0-0: Ball
1-0: Swinging Strike
1-1: Called Strike
1-2: Strikes out swinging
Top of the 1st over - 0 runs, 0 hits, 0 errors, 0 left on base; Canonniers de Quebec 0 - Moose Jaw 0
BOTTOM OF THE 1ST
Moose Jaw Canucks batting - Pitching for Canonniers de Quebec : RHP Miguel Angel Craig
Pitching: RHP Miguel Angel Craig
Batting: LHB Gary McQueen 0-0: Called Strike
0-1: Fly out, F6 (Line Drive, 6, EV 70.0 MPH)
Batting: RHB Millard Carr 0-0: Called Strike
0-1: SINGLE (Groundball, 4MD, EV 97.5 MPH)
Batting: RHB Román Ayala 0-0: Called Strike
0-1: Swinging Strike
0-2: Ball
1-2: SINGLE (Groundball, 34D, EV 93.8 MPH)
Millard Carr to second
Runner from 2nd tries for 3rd, SAFE, no throw by RF
Batting: LHB Steve Scott 0-0: Ball
1-0: Ball
2-0: Fly out, F9 (Flyball, 9LSF, EV 94.4 MPH)
Runner from 3rd tags up, SCORES, no throw by RF
Batting: RHB José Sandoval 0-0: Swinging Strike
0-1: Foul Ball, location: 2F
0-2: Foul Ball, location: 2F
0-2: Fielders Choice at 2nd, 5-4 (Groundball, 56, EV 83.1 MPH)
Bottom of the 1st over - 1 run, 2 hits, 0 errors, 1 left on base; Canonniers de Quebec 0 - Moose Jaw 1
TOP OF THE 2ND
Canonniers de Quebec batting - Pitching for Moose Jaw Canucks : LHP Mark Antrim
Batting: RHB Nick West 0-0: Called Strike
0-1: Ball
1-1: Called Strike
1-2: Ball
2-2: Ball
3-2: Foul Ball, location: 2F
3-2: SINGLE (Flyball, 6D, EV 88.8 MPH)
Batting: RHB Juan Cortéz 0-0: Called Strike
0-1: Ball
1-1: Ball
2-1: Ball
3-1: Base on Balls
Nick West to second
Batting: LHB Jake Hill 0-0: Ball
1-0: Ball
2-0: Grounds into double play, 5-4-3 (Groundball, 5, EV 85.6 MPH)
Nick West to third
Batting: RHB Jon Branch 0-0: Swinging Strike
0-1: Ball
1-1: Called Strike
1-2: Foul Ball, location: 2F
1-2: Ball
2-2: Ground out 4-3 (Groundball, 4, EV 88.8 MPH)
Top of the 2nd over - 0 runs, 1 hit, 0 errors, 1 left on base; Canonniers de Quebec 0 - Moose Jaw 1
BOTTOM OF THE 2ND
Moose Jaw Canucks batting - Pitching for Canonniers de Quebec : RHP Miguel Angel Craig
Batting: RHB Greg Green 0-0: Swinging Strike
0-1: Foul Ball, location: 2F
0-2: Fly out, F9 (Line Drive, 9, EV 105.6 MPH)
Batting: RHB Dave Johns 0-0: Called Strike
0-1: Ball
1-1: Called Strike
1-2: Ball
2-2: Ball
3-2: Foul Ball, location: 2F
3-2: Strikes out swinging
Batting: RHB Marcos Martínez 0-0: Ball
1-0: Fly out, F8 (Flyball, 8LM, EV 91.9 MPH)
Bottom of the 2nd over - 0 runs, 0 hits, 0 errors, 0 left on base; Canonniers de Quebec 0 - Moose Jaw 1
TOP OF THE 3RD
Canonniers de Quebec batting - Pitching for Moose Jaw Canucks : LHP Mark Antrim
Batting: LHB Mark Weber 0-0: Called Strike
0-1: Foul Ball, location: 2F
0-2: Ground out 4-3 (Groundball, 4, EV 81.9 MPH)
Batting: RHB Ron Johnson 0-0: Ball
1-0: Fly out, F6 (Popup, 6S, EV 66.2 MPH)
Batting: RHB Ludwig Mangin 0-0: Ball
1-0: Called Strike
1-1: Ball
2-1: Ball
3-1: Ground out 6-3 (Groundball, 6, EV 101.9 MPH)
Top of the 3rd over - 0 runs, 0 hits, 0 errors, 0 left on base; Canonniers de Quebec 0 - Moose Jaw 1
BOTTOM OF THE 3RD
Moose Jaw Canucks batting - Pitching for Canonniers de Quebec : RHP Miguel Angel Craig
Batting: RHB George Holmes 0-0: Fly out, F8 (Line Drive, 8RD, EV 106.9 MPH)
Batting: LHB Gary McQueen 0-0: Hit by Pitch
Batting: RHB Millard Carr 0-0: Swinging Strike
0-1: SINGLE (Groundball, 6M, EV 100.6 MPH)
Gary McQueen to second
Runner from 2nd tries for 3rd, SAFE, no throw by CF
Batting: RHB Román Ayala 0-0: Called Strike
0-1: Fly out, F9 (Flyball, 9LS, EV 79.4 MPH)
Batting: LHB Steve Scott 0-0: Called Strike
0-1: Fielders Choice at 2nd, 6-4 (Groundball, 6, EV 82.5 MPH)
Bottom of the 3rd over - 0 runs, 1 hit, 0 errors, 2 left on base; Canonniers de Quebec 0 - Moose Jaw 1
TOP OF THE 4TH
Canonniers de Quebec batting - Pitching for Moose Jaw Canucks : LHP Mark Antrim
Batting: RHB Manny Costello 0-0: Called Strike
0-1: Foul Ball, location: 2F
0-2: Ball
1-2: Foul Ball, location: 2F
1-2: Foul Ball, location: 2F
1-2: DOUBLE (Groundball, 5L, EV 106.9 MPH)
Batting: RHB Cam Lloyd 0-0: Called Strike
0-1: Called Strike
0-2: DOUBLE (Groundball, 5L, EV 106.2 MPH)
Manny Costello scores
Batting: RHB Nick West 0-0: Ball
1-0: Ball
2-0: Swinging Strike
2-1: Ball
3-1: Base on Balls
Batting: RHB Juan Cortéz 0-0: Ball
1-0: Ball
2-0: Ball
3-0: Called Strike
3-1: 3-RUN HOME RUN (Line Drive, 7D, EV 108.1 MPH), Distance : 363 ft
Batting: LHB Jake Hill 0-0: Ground out 5-3 (Groundball, 56S, EV 93.8 MPH)
Batting: RHB Jon Branch 0-0: Ball
1-0: Ball
2-0: SINGLE (Line Drive, 6D, EV 99.4 MPH)
Batting: LHB Mark Weber 0-0: Called Strike
0-1: Ball
1-1: Fielders Choice at 2nd, U6 (Groundball, 4M, EV 103.1 MPH)
Batting: RHB Ron Johnson 0-0: Ball
1-0: Foul Ball, location: 2F
1-1: Ball
2-1: Foul Ball, location: 2F
2-2: Strikes out swinging
Top of the 4th over - 4 runs, 4 hits, 0 errors, 1 left on base; Canonniers de Quebec 4 - Moose Jaw 1
BOTTOM OF THE 4TH
Moose Jaw Canucks batting - Pitching for Canonniers de Quebec : RHP Miguel Angel Craig
Batting: RHB José Sandoval 0-0: Foul Ball, location: 2F
0-1: Fly out, F8 (Flyball, 8LS, EV 76.2 MPH)
Batting: RHB Greg Green 0-0: Fly out, F9 (Flyball, 9LMF, EV 93.8 MPH)
Batting: RHB Dave Johns 0-0: Ball
1-0: Ball
2-0: Called Strike
2-1: Ball
3-1: SINGLE (Groundball, 56D, EV 97.5 MPH)
Batting: RHB Marcos Martínez 0-0: Ball
1-0: Called Strike
1-1: Ground out 5-3 (Groundball, 56, EV 106.9 MPH)
Bottom of the 4th over - 0 runs, 1 hit, 0 errors, 1 left on base; Canonniers de Quebec 4 - Moose Jaw 1
TOP OF THE 5TH
Canonniers de Quebec batting - Pitching for Moose Jaw Canucks : LHP Mark Antrim
Batting: RHB Ludwig Mangin 0-0: Ball
1-0: Reached on error, E6 (Groundball, 6, EV 96.9 MPH)
Batting: RHB Manny Costello 0-0: Bunted foul
0-1: Ball
1-1: Sac Bunt to 2L - play at first, batter OUT! 2-4
Ludwig Mangin to second
Batting: RHB Cam Lloyd 0-0: Called Strike
0-1: Called Strike
0-2: Strikes out looking
Batting: RHB Nick West 0-0: Ball
Wild Pitch!
Ludwig Mangin to third
1-0: Swinging Strike
1-1: Ball
2-1: Ball
3-1: Base on Balls
Batting: RHB Juan Cortéz 0-0: Foul Ball, location: 2F
0-1: Ball
1-1: Fly out, F8 (Flyball, 8RS, EV 81.9 MPH)
Top of the 5th over - 0 runs, 0 hits, 1 error, 2 left on base; Canonniers de Quebec 4 - Moose Jaw 1
BOTTOM OF THE 5TH
Moose Jaw Canucks batting - Pitching for Canonniers de Quebec : RHP Miguel Angel Craig
Batting: RHB George Holmes 0-0: Ball
1-0: Foul Ball, location: 2F
1-1: Ball
2-1: Foul Ball, location: 2F
2-2: Foul Ball, location: 2F
2-2: Foul Ball, location: 2F
2-2: Foul Ball, location: 2F
2-2: Foul Ball, location: 2F
2-2: Fly out, F7 (Flyball, 7S, EV 93.1 MPH)
Batting: LHB Gary McQueen 0-0: Ball
1-0: Called Strike
1-1: Ball
2-1: Reached on error, E6 (Groundball, 6, EV 100.6 MPH)
Batting: RHB Millard Carr 0-0: Ball
Gary McQueen steals 2nd base
1-0: Called Strike
1-1: Fly out, F6 (Popup, 6S, EV 71.2 MPH)
Batting: RHB Román Ayala 0-0: Reached on error, E5 (Groundball, 5, EV 88.1 MPH)
Gary McQueen to third
Batting: LHB Steve Scott 0-0: Called Strike
0-1: Ball
1-1: Foul Ball, location: 2F
1-2: Ball
2-2: Foul Ball, location: 2F
2-2: Foul Ball, location: 2F
2-2: Strikes out looking
Bottom of the 5th over - 0 runs, 0 hits, 2 errors, 2 left on base; Canonniers de Quebec 4 - Moose Jaw 1
TOP OF THE 6TH
Canonniers de Quebec batting - Pitching for Moose Jaw Canucks : LHP Mark Antrim
Batting: LHB Jake Hill 0-0: Ball
1-0: Ball
2-0: Ball
3-0: Called Strike
3-1: Fly out, F3 (Line Drive, 3, EV 71.2 MPH)
Batting: RHB Jon Branch 0-0: Ball
1-0: Foul Ball, location: 2F
1-1: Ball
2-1: Foul Ball, location: 2F
2-2: Foul Ball, location: 2F
2-2: Reached on error, E3 (Groundball, 34S, EV 66.9 MPH)
Batting: LHB Mark Weber 0-0: Fielders Choice at 2nd, 3-6 (Groundball, 3S, EV 90.0 MPH)
Batting: RHB Ron Johnson 0-0: Ball
1-0: Fly out, F9 (Flyball, 9D, EV 105.0 MPH)
Top of the 6th over - 0 runs, 0 hits, 1 error, 1 left on base; Canonniers de Quebec 4 - Moose Jaw 1
BOTTOM OF THE 6TH
Moose Jaw Canucks batting - Pitching for Canonniers de Quebec : RHP Miguel Angel Craig
Batting: RHB José Sandoval 0-0: Ball
1-0: Foul Ball, location: 2F
1-1: Foul Ball, location: 2F
1-2: Strikes out looking
Batting: RHB Greg Green 0-0: Fly out, F7 (Flyball, 78D, EV 91.2 MPH)
Batting: RHB Dave Johns 0-0: Fly out, F7 (Flyball, 78M, EV 89.4 MPH)
Bottom of the 6th over - 0 runs, 0 hits, 0 errors, 0 left on base; Canonniers de Quebec 4 - Moose Jaw 1
TOP OF THE 7TH
Canonniers de Quebec batting - Pitching for Moose Jaw Canucks : LHP Mark Antrim
Batting: RHB Ludwig Mangin 0-0: SINGLE (Flyball, 78S, EV 89.4 MPH)
Pitching: RHP Azeem bin Amin
Batting: RHB Manny Costello 0-0: Bunted foul
0-1: Sac Bunt to 2L - play at first, batter OUT! 2-4
Ludwig Mangin to second
Batting: RHB Cam Lloyd 0-0: Called Strike
0-1: Called Strike
0-2: Fly out, F7 (Flyball, 7LSF, EV 83.1 MPH)
Batting: RHB Nick West 0-0: Ball
1-0: Ball
2-0: Called Strike
2-1: Called Strike
2-2: Strikes out swinging
Top of the 7th over - 0 runs, 1 hit, 0 errors, 1 left on base; Canonniers de Quebec 4 - Moose Jaw 1
BOTTOM OF THE 7TH
Moose Jaw Canucks batting - Pitching for Canonniers de Quebec : RHP Miguel Angel Craig
Batting: RHB Marcos Martínez 0-0: Called Strike
0-1: Swinging Strike
0-2: Ball
1-2: Fly out, F8 (Flyball, 8LXD, EV 100.0 MPH)
Batting: RHB George Holmes 0-0: DOUBLE (Groundball, 5L, EV 103.1 MPH)
Batting: LHB Gary McQueen 0-0: Called Strike
0-1: Ball
1-1: SINGLE (Groundball, 56D, EV 105.0 MPH)
George Holmes to third
Batting: RHB Millard Carr 0-0: Ball
1-0: Grounds into double play, 6-4-3 (Groundball, 6, EV 90.0 MPH)
Bottom of the 7th over - 0 runs, 2 hits, 0 errors, 1 left on base; Canonniers de Quebec 4 - Moose Jaw 1
TOP OF THE 8TH
Canonniers de Quebec batting - Pitching for Moose Jaw Canucks : RHP Azeem bin Amin
Batting: RHB Juan Cortéz 0-0: Called Strike
0-1: Ball
1-1: Foul Ball, location: 2F
1-2: Ground out 6-3 (Groundball, 6S, EV 72.5 MPH)
Batting: LHB Jake Hill 0-0: Called Strike
0-1: Swinging Strike
0-2: Strikes out looking
Batting: RHB Jon Branch 0-0: Called Strike
0-1: Ball
1-1: Called Strike
1-2: Ball
2-2: Ground out 5-3 (Groundball, 5S, EV 87.5 MPH)
Top of the 8th over - 0 runs, 0 hits, 0 errors, 0 left on base; Canonniers de Quebec 4 - Moose Jaw 1
BOTTOM OF THE 8TH
Moose Jaw Canucks batting - Pitching for Canonniers de Quebec : RHP Miguel Angel Craig
Batting: RHB Román Ayala 0-0: Ball
1-0: Foul Ball, location: 2F
1-1: Ball
2-1: Foul Ball, location: 2F
2-2: SINGLE (Groundball, 34D, EV 96.9 MPH)
Batting: LHB Steve Scott 0-0: Ball
1-0: Swinging Strike
1-1: Ball
2-1: Swinging Strike
2-2: Ball
3-2: Fly out, F7 (Flyball, 78M, EV 71.2 MPH)
Pitching: RHP Pedro Maestas
Batting: RHB José Sandoval 0-0: Ball
1-0: Foul Ball, location: 2F
1-1: Grounds into double play, 5-4-3 (Groundball, 56, EV 108.1 MPH)
Bottom of the 8th over - 0 runs, 1 hit, 0 errors, 0 left on base; Canonniers de Quebec 4 - Moose Jaw 1
TOP OF THE 9TH
Canonniers de Quebec batting - Pitching for Moose Jaw Canucks : RHP Azeem bin Amin
Batting: LHB Mark Weber 0-0: Ball
1-0: Called Strike
1-1: Foul Ball, location: 2F
1-2: SINGLE (Groundball, 4MD, EV 101.2 MPH)
Batting: RHB Ron Johnson 0-0: Sac Bunt to P - play at first, batter safe!
Mark Weber to second
Pitching: LHP Jesús Árias
Batting: RHB Ludwig Mangin 0-0: Ball
1-0: Ball
2-0: Foul Ball, location: 2F
2-1: Ball
3-1: Swinging Strike
3-2: Foul Ball, location: 2F
3-2: Base on Balls
Mark Weber to third
Ron Johnson to second
Batting: RHB Manny Costello 0-0: Foul Ball, location: 2F
0-1: Ball
1-1: Grounds into fielders choice 3-2 (Groundball, 3S, EV 69.4 MPH)
Ron Johnson to third
Ludwig Mangin to second
Batting: RHB Cam Lloyd 0-0: Ball
1-0: Fly out, F7 (Flyball, 7, EV 85.6 MPH)
Runner from 3rd tags up, SCORES, throw by LF
Batting: RHB Nick West 0-0: Called Strike
0-1: Ball
1-1: Foul Ball, location: 2F
1-2: Ball
2-2: Fly out, F8 (Flyball, 8LS, EV 89.4 MPH)
Top of the 9th over - 1 run, 2 hits, 0 errors, 2 left on base; Canonniers de Quebec 5 - Moose Jaw 1
BOTTOM OF THE 9TH
Moose Jaw Canucks batting - Pitching for Canonniers de Quebec : RHP Pedro Maestas
Batting: RHB Greg Green 0-0: Foul Ball, location: 2F
0-1: Ball
1-1: Ball
2-1: Foul Ball, location: 2F
2-2: Ground out 5-3 (Groundball, 56S, EV 71.9 MPH)
Batting: RHB Dave Johns 0-0: Swinging Strike
0-1: Swinging Strike
0-2: Ball
1-2: Foul Ball, location: 2F
1-2: Ball
2-2: Foul Ball, location: 2F
2-2: Foul Ball, location: 2F
2-2: Reached on error, E7 (Flyball, 7LM, EV 81.2 MPH)
Batting: RHB Marcos Martínez 0-0: Called Strike
0-1: Ground out 5-3 (Groundball, 56S, EV 69.4 MPH)
Dave Johns to second
Batting: RHB George Holmes 0-0: Called Strike
0-1: Foul Ball, location: 2F
0-2: Ball
1-2: Ball
2-2: Strikes out swinging
Bottom of the 9th over - 0 runs, 0 hits, 1 error, 1 left on base; Canonniers de Quebec 5 - Moose Jaw 1
Friday, March 26th, 2021 - OOTP Baseball 20.8 Build 74